 Dungeon Crawl Stone Soup version 0.28.0-45-g0d030f2227 (webtiles) character file.

Game seed: 17030911962665210165

40931 JhonaSan2K the Blocker (level 13, 0/119 (123) HPs)
             Began as a Deep Dwarf Fighter on May 11, 2022.
             Was an Elder of Makhleb.
             Slain by an anaconda (shapeshifter) (10 damage)
             ... on level 15 of the Dungeon on May 12, 2022.
             The game lasted 01:39:40 (16423 turns).

JhonaSan2K the Blocker (Deep Dwarf Fighter)        Turns: 16423, Time: 01:39:41

HP:   0/119 (123)   AC: 22    Str: 32    XL:     13   Next: 77%
MP:   0/0           EV: 11    Int:  8    God:    Makhleb [****..]
Gold: 1185          SH:  0    Dex: 12    Spells: 30/30 levels left

rFire   . . .      SeeInvis .   n - +6 long sword (freeze)
rCold   . . .      Faith    .   d - orb {light}
rNeg    . . .      Spirit   .   X - +4 plate armour {Will+}
rPois   .          Reflect  .   (no helmet)
rElec   .          Harm     .   D - +0 cloak
rCorr   .          Rampage  .   m - +2 pair of gloves
Will    +++..                   (no boots)
Stlth   ..........              (no amulet)
HPRegen 0.00/turn               R - ring of willpower
MPRegen 0.07/turn               J - +6 ring of strength

@: glowing, studying Spellcasting, lightly drained
A: damage resistance, heal wounds, sense surroundings 2, no regeneration,
mutation resistance 1
a: Heal Wounds, Renounce Religion, Minor Destruction, Lesser Servant of Makhleb,
Major Destruction


You were on level 15 of the Dungeon.
You worshipped Makhleb.
Makhleb was greatly pleased with you.
You visited 3 branches of the dungeon, and saw 19 of its levels.
You also visited: Sewer.

You collected 1251 gold pieces.
You spent 66 gold pieces at shops.

Inventory:

Hand Weapons
 l - a +3 short sword of speed
 n - a +6 long sword of freezing (weapon)
 s - the +2 hunting sling of Yredelemnul's Hope {freeze, Will+}
   (You found it on level 3 of the Lair of Beasts)

   Any ammunition fired from it freezes those it strikes, dealing additional
   cold damage.
   It can also slow down cold-blooded creatures.
   Will:      It increases your willpower.
 z - a +0 scimitar of holy wrath
 B - the +7 staff of the Meek {protect, meekguard}
   (You found it on level 4 of the Dungeon)

   It grants its wielder temporary protection when it strikes (+7 to AC).
   It provides extra protection to wielders with little health.
 N - a +0 short sword of protection
 P - a +1 eveningstar of draining
Missiles
 g - 586 stones
 q - 40 poisoned darts (quivered)
Armour
 c - a +0 plate armour
 d - an orb of light (worn)
 m - a +2 pair of gloves (worn)
 D - a +0 cloak (worn)
 X - a +4 plate armour of willpower (worn)
 Y - a +2 tower shield
Jewellery
 w - a ring of flight
 J - a +6 ring of strength (right hand)
 R - a ring of willpower (left hand)
 W - a ring of positive energy
Wands
 i - a wand of acid (1)
 v - a wand of mindburst (5)
 G - a wand of digging (8)
 S - a wand of polymorph (3)
 Z - a wand of paralysis (4)
Scrolls
 e - 2 scrolls of magic mapping
 j - 6 scrolls of amnesia
 y - 2 scrolls of immolation
 M - a scroll of enchant weapon
 V - a scroll of identify
Potions
 o - 6 potions of attraction
 x - 2 potions of cancellation
 E - 5 potions of magic
 H - a potion of flight
 K - 2 potions of lignification
Miscellaneous
 Q - a lightning rod (4/4)


   Skills:
 - Level 10.0 Fighting
 - Level 7.8(8.9) Short Blades
 - Level 7.0(9.0) Long Blades
 - Level 2.6 Axes
 - Level 5.7 Slings
 - Level 9.0 Armour
 - Level 9.0 Dodging
 - Level 7.0 Stealth
 - Level 10.4 Shields
 * Level 9.1 Spellcasting


You had 30 spell levels left.
You didn't know any spells.
Your spell library contained the following spells:

 Spells                   Type           Power      Damage    Failure   Level
 Apportation              Tloc           6%         N/A       75%         1
 Slow                     Hex            12%        N/A       75%         1
 Static Discharge         Conj/Air       3%         N/A       87%         2
 Confusing Touch          Hex            3%         N/A       98%         3
 Dazzling Flash           Conj/Hex       6%         N/A       98%         3
 Vampiric Draining        Necr           3%         2d6       98%         3
 Agony                    Necr           3%         N/A       100%        5
 Alistair's Intoxication  Tmut/Pois      2%         N/A       100%        5
 Lightning Bolt           Conj/Air       1%         1d12      100%        5
 Silence                  Hex/Air        1%         N/A       100%        5
 Maxwell's Capacitive Co  Air            1%         ∞         100%        8


Dungeon Overview and Level Annotations

Branches:
Dungeon (15/15)            Temple (1/1) D:7            Lair (3/6) D:11
 Spider (0/4) Lair:3          Orc (0/2) D:11         Depths (0/4) D:15
  Sewer (visited)
  Swamp: Lair:2-4    Shoals: Lair:2-4    Vaults: D:13-14

Altars:
Ashenzari
Cheibriados
Dithmenos
Elyvilon
Fedhas
Gozag
Nemelex Xobeh
Okawaru
Ru
Sif Muna
Trog
Uskayaw
Vehumet
Wu Jian
Xom
Yredelemnul

Shops:
D:4 (   D:10 ?[*

Annotations:
D:14 3 runed translucent doors, Nessos
Lair:2 2 transporters


Innate Abilities, Weirdness & Mutations

You are resistant to damage.
You can heal yourself by infusing magical energy.
You passively map the area around you.
You do not regenerate.
You are somewhat resistant to further mutation.


Message History

Press: ? - help, Dir - move target You escape the anaconda's grasp.
Found a leather armour.
As you read the scroll of blinking, it crumbles to dust.
Throw: 40 darts (poison)
Press: ? - help, Q - select action, (/) - cycle Shift-Dir - straight line, f - anaconda
Aim: an anaconda (ally target, haloed, 61% to hit)
Okay, then.
Okay, then.
Okay, then.
Okay, then.
Throw: throwing net
Press: ? - help, Shift-Dir - straight line, f - anaconda
Aim: an anaconda (ally target, haloed, 61% to hit)
You throw a throwing net. The throwing net hits the anaconda.
The anaconda is caught in the net!
The anaconda struggles against the net.
The anaconda struggles against the net.
Your hellwing hits the anaconda! Your hellwing hits the anaconda.
The anaconda struggles against the net.
The net rips apart, and the anaconda comes free!
Okay, then.
Aiming: Corrosive Bolt
Press: ? - help, Shift-Dir - straight line, f/p - anaconda
Aim: an anaconda (moderately wounded, ally target, haloed, 66% to hit)
The bolt of acid hits the anaconda!
The acid corrodes the anaconda!
The anaconda is heavily wounded.
Your hellwing swoops through the air toward the anaconda!
Your hellwing hits the anaconda. Your hellwing hits the anaconda!
The anaconda grabs your hellwing.
The anaconda bites your hellwing but does no damage.
The anaconda constricts your hellwing.
You slash the anaconda!
The anaconda seems to slow down.
You freeze the anaconda.
The anaconda is almost dead.
Your hellwing hits the anaconda. x2
The anaconda bites you but does no damage.
The anaconda constricts your hellwing.
You closely miss the anaconda.
The anaconda is almost dead.
The anaconda bites you!
You die...

***,,,,********,** ##......
***,,,**,* *,,####.......
****,,,****,** **,#..........
*,,,,*** *,,* *,#.###......
*,,**** **,* *..,*#.(#####
**,,,,* *,* ######..###.## *
****,* #,* #......[##p.#*****
*,***###.###.##***,*#.....#,,
*,,,,....).4@.####,..p....≈..
***,,.......S....#.......J...
*,,,.........<..#.....W...).
*,,,............#.....(....(
*,,,.......∩...........J....
*,,,.............#..........
*,,,...............[.<,,,,,,
**,,......./....##.#.,,,,*,,
*******,,,........./#*.#,,,,,***


You could see an anaconda (slow, corroded, ally target) and a friendly hellwing
(summoned).

Vanquished Creatures
  Frances (D:13)
  Louise (D:14)
  4 boulder beetles
  4 hydras
  2 centaur warriors
  3 two-headed ogres
  A deep elf pyromancer (D:12)
  3 ugly things (D:14)
  4 manticores
  Pikel (D:5)
  8 slime creatures
  5 cyclopes
  Maurice (D:8)
  2 black mambas
  5 cane toads
  2 gargoyles
  A centaur skeleton (D:14)
  2 kobold demonologists
  A rime drake (Lair:2)
  An unseen horror (D:11)
  A spectral redback (D:14)
  8 freezing wraiths
  3 komodo dragons
  7 trolls
  Grinder (Sewer)
  2 hornets
  10 blink frogs
  A centaur simulacrum (D:14)
  2 shadows (D:11)
  4 wyverns
  11 yaks
  A vampire (D:14)
  3 wraiths
  3 basilisks
  3 steam dragons
  7 vampire mosquitoes
  A redback (Lair:3)
  A naga (shapeshifter) (D:12)
  2 acid dragons
  A spectral hornet (D:14)
  6 water moccasins
  9 orc warriors
  3 ice beasts
  2 sky beasts
  2 black bears
  3 ogres (D:6)
  6 centaurs
  2 necrophages
  15 wolves
  A phantom (D:5)
  4 kobold brigands
  8 bullfrogs
  A water moccasin zombie (D:5)
  5 scorpions
  6 killer bees (D:8)
  7 wights
  7 howler monkeys
  2 jellies
  A quasit (Sewer)
  A hound (D:6)
  4 centaur zombies
  8 orc priests
  A scorpion zombie (D:5)
  5 iguanas
  9 orc wizards
  A hound zombie (D:5)
  2 howler monkey zombies
  11 adders
  7 gnolls
  3 shadow imps (Sewer)
  6 ufetubi
  7 dart slugs
  30 orcs
  A bat zombie (Sewer)
  5 endoplasms
  10 giant cockroaches
  4 goblins
  3 hobgoblins
  A jackal (D:5)
  3 quokkas
  7 ball pythons
  7 bats
  6 frilled lizards
  A giant cockroach zombie (Sewer)
  27 kobolds
  10 rats
394 creatures vanquished.

Vanquished Creatures (others)
  A deep elf pyromancer (D:10)
  A golden eye (shapeshifter) (D:10)
  An orc (D:7)
  A kobold zombie (Sewer)
  9 plants
13 creatures vanquished.

Grand Total: 407 creatures vanquished

Notes
Turn   | Place    | Note
-------+----------+-------------------------------------------
     0 | D:1      | JhonaSan2K the Deep Dwarf Fighter began the quest for the
                  | Orb.
     0 | D:1      | Reached XP level 1. HP: 20/20 MP: 1/1
   253 | D:1      | Reached XP level 2. HP: 21/27 MP: 2/2
   761 | D:2      | Reached XP level 3. HP: 34/34 MP: 2/2
   787 | D:2      | Reached skill level 1 in Dodging
   804 | D:2      | Reached skill level 1 in Short Blades
  1058 | D:2      | Reached XP level 4. HP: 36/42 MP: 3/3
  1451 | D:3      | Found a faded altar of an unknown god.
  2144 | D:4      | Found a sacrificial altar of Ru.
  2186 | D:4      | Reached XP level 5. HP: 42/50 MP: 4/4
  2357 | D:4      | Noticed a black bear
  2374 | D:4      | Killed a black bear
  2375 | D:4      | Reached skill level 1 in Spellcasting
  2375 | D:4      | Reached XP level 6. HP: 41/57 MP: 6/6
  2449 | D:4      | You fall into a shaft and drop 1 floor!
  2449 | D:5      | Entered Level 5 of the Dungeon
  2794 | D:5      | Noticed Pikel
  2820 | D:5      | Killed Pikel
  2821 | D:5      | Reached XP level 7. HP: 62/66 MP: 7/10
  3001 | D:5      | Reached skill level 5 in Fighting
  3195 | D:5      | Reached skill level 5 in Shields
  3195 | D:5      | Reached XP level 8. HP: 55/74 MP: 11/11
  3439 | D:5      | Noticed a two-headed ogre
  3721 | D:4      | Found Ischeomy's Weapon Shop.
  3861 | D:4      | Found the +7 staff of the Meek {protect, meekguard}
  4322 | D:5      | Killed a two-headed ogre
  4323 | D:5      | Reached skill level 5 in Short Blades
  4323 | D:5      | Gained mutation: You passively map the area around you.
                  | [Deep Dwarf growth]
  4323 | D:5      | Reached XP level 9. HP: 21/82 MP: 10/12
  4384 | D:5      | Found an ornate altar of the Wu Jian Council.
  4621 | D:6      | Found a hide-covered altar of Uskayaw.
  4685 | D:6      | Found a glowing drain.
  4711 | Sewer    | Entered a sewer
  4900 | Sewer    | Found a burning altar of Makhleb.
  4956 | Sewer    | Became a worshipper of Makhleb the Destroyer
  5035 | Sewer    | Noticed Grinder
  5051 | Sewer    | Killed Grinder
  5052 | Sewer    | Reached skill level 5 in Spellcasting
  5414 | D:6      | Reached skill level 5 in Dodging
  5863 | D:6      | Found a shimmering altar of Xom.
  5866 | D:6      | Found a glowing silver altar of Zin.
  5866 | D:6      | Found a sparkling altar of Nemelex Xobeh.
  5897 | D:6      | Found a radiant altar of Vehumet.
  5897 | D:6      | Found a glowing golden altar of the Shining One.
  5897 | D:6      | Found an opulent altar of Gozag.
  6390 | D:7      | Found a staircase to the Ecumenical Temple.
  6403 | D:7      | Paralysed by a hornet for 2 turns
  6415 | D:7      | Paralysed by a hornet for 3 turns
  6427 | Temple   | Entered the Ecumenical Temple
  6439 | Temple   | Reached XP level 10. HP: 71/94 MP: 13/13
  6499 | D:7      | Noticed an eight-headed hydra
  6541 | Temple   | Killed an eight-headed hydra
  6754 | D:7      | Reached * piety under Makhleb
  7390 | D:8      | Noticed Maurice
  7396 | D:8      | Paralysed by Maurice for 4 turns
  7422 | D:8      | Paralysed by something for 2 turns
  7463 | D:8      | Killed Maurice
  7687 | D:8      | Gained mutation: Your spells are a little easier to cast,
                  | but a little less powerful. [potion of mutation]
  7687 | D:8      | Gained mutation: You have sharp toenails. [potion of
                  | mutation]
  7736 | D:8      | Lost mutation: You have sharp toenails. [potion of
                  | mutation]
  7736 | D:8      | Lost mutation: Your spells are a little easier to cast, but
                  | a little less powerful. [potion of mutation]
  7736 | D:8      | Gained mutation: You are dopey. (Int -2) [potion of
                  | mutation]
  7736 | D:8      | Lost mutation: You are dopey. (Int -2) [potion of mutation]
  7736 | D:8      | Gained mutation: You expend magic power (3 MP) to
                  | strengthen your wands. [potion of mutation]
  7737 | D:8      | Lost mutation: You expend magic power (3 MP) to strengthen
                  | your wands. [potion of mutation]
  7737 | D:8      | Gained mutation: Your spells are a little harder to cast,
                  | but a little more powerful. [potion of mutation]
  7737 | D:8      | Gained mutation: You expend magic power (3 MP) to
                  | strengthen your wands. [potion of mutation]
  8298 | D:9      | Reached ** piety under Makhleb
  8557 | D:9      | Noticed a soul eater
  8561 | D:9      | Reached XP level 11. HP: 65/104 MP: 14/14
  8840 | D:10     | Entered Level 10 of the Dungeon
  8885 | D:10     | Noticed a six-headed hydra
  8885 | D:10     | Noticed a deep elf pyromancer
  8886 | D:10     | Noticed an orc knight
  8887 | D:10     | Noticed a skeletal warrior
  8888 | D:10     | Noticed a centaur warrior
  8888 | D:10     | Noticed a brown ugly thing
  8888 | D:10     | Noticed a death knight
  8888 | D:10     | Noticed an eight-headed hydra
  9016 | D:10     | Found Loho Roff's Assorted Antiques.
  9083 | D:10     | Found a bloodstained altar of Trog.
  9138 | D:10     | Found Loocuaf's Antique Armour Boutique.
  9155 | D:10     | Reached skill level 1 in Long Blades
  9181 | D:10     | Lost mutation: Your spells are a little harder to cast, but
                  | a little more powerful. [potion of mutation]
  9181 | D:10     | Lost mutation: You expend magic power (3 MP) to strengthen
                  | your wands. [potion of mutation]
  9181 | D:10     | Gained mutation: You are somewhat resistant to further
                  | mutation. [potion of mutation]
  9192 | D:10     | Found Dogrenuv's Magic Scroll Shop.
  9200 | D:10     | Bought a scroll of magic mapping for 42 gold pieces
  9200 | D:10     | Bought a scroll of identify for 24 gold pieces
  9255 | D:10     | Found a blossoming altar of Fedhas.
  9257 | D:10     | Found a radiant altar of Vehumet.
  9263 | D:10     | Found an opulent altar of Gozag.
  9264 | D:10     | Found a shadowy altar of Dithmenos.
  9266 | D:10     | Found a white marble altar of Elyvilon.
  9267 | D:10     | Found a snail-covered altar of Cheibriados.
  9277 | D:10     | Found a shimmering blue altar of Sif Muna.
  9278 | D:10     | Found a broken altar of Ashenzari.
  9453 | D:10     | Killed a deep elf pyromancer
  9530 | D:11     | Found a staircase to the Lair.
  9556 | D:11     | Noticed a boulder beetle
  9814 | D:12     | Noticed a deep elf pyromancer
  9820 | D:12     | Killed a deep elf pyromancer
  9821 | D:12     | Reached skill level 1 in Stealth
  9865 | D:12     | Reached skill level 5 in Long Blades
 10117 | D:12     | Noticed a two-headed ogre
 10125 | D:12     | Killed a two-headed ogre
 10126 | D:12     | Reached skill level 5 in Armour
 10212 | D:12     | Noticed a boulder beetle
 10214 | D:12     | Noticed a boulder beetle
 10375 | D:11     | Reached *** piety under Makhleb
 10749 | D:11     | Killed a boulder beetle
 10750 | D:11     | Reached XP level 12. HP: 92/112 MP: 7/9
 11121 | D:11     | Found a staircase to the Orcish Mines.
 11248 | Lair:1   | Entered Level 1 of the Lair of Beasts
 11378 | Lair:1   | Found a sacrificial altar of Ru.
 12120 | Lair:2   | Reached **** piety under Makhleb
 12238 | Lair:2   | Reached skill level 5 in Stealth
 12275 | Lair:2   | Found a transporter.
 12320 | Lair:2   | Found a transporter.
 12488 | Lair:2   | Noticed a six-headed hydra
 12517 | Lair:2   | Killed an eight-headed hydra
 13242 | Lair:3   | Identified the +2 hunting sling of Yredelemnul's Hope
                  | {freeze, Will+}
 13681 | Lair:3   | Found a hole to the Spider Nest.
 13861 | D:12     | Killed a boulder beetle
 13891 | D:12     | Killed a boulder beetle
 13892 | D:12     | Reached skill level 10 in Fighting
 13950 | D:12     | Reached XP level 13. HP: 86/123 MP: 8/8
 14158 | D:13     | Noticed Frances
 14176 | D:13     | Killed Frances
 14906 | D:14     | Found a sparkling altar of Nemelex Xobeh.
 15130 | D:14     | Reached skill level 10 in Shields
 15130 | D:14     | Reached ***** piety under Makhleb
 15251 | D:14     | Reached skill level 1 in Slings
 15502 | D:14     | Noticed Louise
 15540 | D:14     | Killed Louise
 15589 | D:15     | Entered Level 15 of the Dungeon
 15589 | D:15     | Found a snail-covered altar of Cheibriados.
 15599 | D:14     | Reached skill level 5 in Slings
 15724 | D:10     | Identified a scroll of acquirement
 15724 | D:10     | Acquired a manual of Spellcasting
 16221 | D:14     | Noticed Nessos
 16222 | D:14     | Found a runed translucent gate.
 16222 | D:14     | Found a runed translucent gate.
 16222 | D:14     | Found a runed translucent gate.
 16399 | D:14     | Noticed a vampire knight
 16423 | D:15     | Slain by an anaconda (shapeshifter)

Illustrated notes

Levels and vault maps discovered:
D:1:      lemuel_arrival_hallway, layout_basic
D:2:      layout_rooms, minmay_joined_circles
D:3:      layout_loops_ring, chequers_ecumenical_altar_island,
          kennysheep_big_empty_room
D:4:      layout_loops_corners, nicolae_ru_sacrificial_ziggurat,
          kennysheep_small_square
D:5:      minmay_polygon_palace, layout_basic,
          nicolae_wu_jian_immortal_techniques, serial_bayou_lagoon_b, uniq_pikel
D:6:      layout_loops_ring, doesnt_xom_only_xom, mainiacjoe_overflow_paths,
          portal_sewer_entry_f
D:7:      layout_layer_cave, minmay_temple_entry_hall
D:8:      layout_cave_pools, uniq_maurice
D:9:      layout_long_grid
D:10:     layout_loops_ring, mainiacjoe_overflow_catwalk,
          nicolae_overflow_hallway_of_the_gods, serial_shops, shop,
          nicolae_shop_overgrown_old_shop, nicolae_shop_trees,
          dk_noncrumbling_4, minivault_12
D:11:     layout_irregular_city, lair_entry_dummy, david_orc_1_choice,
          nicolae_two_hexagons, lemuel_flamethrower_hall
D:12:     layout_basic
D:13:     layout_loops_ring, grunt_ministairs_7, uniq_frances
D:14:     lemuel_vampire_tower, layout_cave_pods, david_vaults_4,
          maelrawn_ghost_gauntlet_escape, minmay_misc_feat_tiny,
          grunt_ogre_cave, chequers_serial_rivers_small_b,
          nemelex_lonely_heart_becter, uniq_louise, uniq_nessos
D:15:     grunt_enter_depths_magical_seal, layout_rooms, gauntlet_entry_generic,
          kennysheep_slug_shrine
Temple:   compressed_dpeg_triangle_lava_temple
Lair:1:   layout_gridlike, basic_altar, lemuel_fruit_tree
Lair:2:   gammafunk_worm_tunnel, layout_gridlike, grunt_megastairs_3
Lair:3:   layout_cave_pods, spider_nest_entry_funnel_web, grunt_megastairs_1

Skill      XL: |  1  2  3  4  5  6  7  8  9 10 11 12 13 |
---------------+----------------------------------------+-----
Fighting       | 3 4 5 6 7 8 10 | 10.0
Dodging        | 1 2 3 4 5 6 7 8 9 |  9.0
Short Blades   | 1 2 3 4 5 6 7 |  7.8
Shields        | 4 5 6 7 8 9 10 | 10.4
Spellcasting   | 1 2 3 4 5 6 7 8 9 |  9.1
Long Blades    | 5 6 7 |  7.0
Armour         | 5 8 9 |  9.0
Stealth        | 3 6 7 |  7.0
Slings         | 5 |  5.7
Axes           | |  2.6

Action                   |  1- 3 |  4- 6 |  7- 9 | 10-12 | 13-15 || total
-------------------------+-------+-------+-------+-------+-------++-------
Melee: War axe           |    57 |       |       |    18 |       ||    75
       Short sword       |    91 |   171 |   678 |   518 |    16 ||  1474
       Kick              |       |       |       |     6 |       ||     6
       Long sword        |       |       |       |   456 |   268 ||   724
       Scimitar          |       |       |       |       |     8 ||     8
 Fire: Hunting sling     |       |       |       |       |    47 ||    47
Throw: Stone             |     4 |     4 |     4 |    35 |     1 ||    48
       Dart              |       |     8 |     6 |    86 |    24 ||   124
       Throwing net      |       |       |     2 |     3 |     2 ||     7
Invok: Lesser Servant of |       |       |       |       |     3 ||     3
 Abil: Heal Wounds       |     1 |     2 |    19 |    46 |    23 ||    91
Evoke: Wand              |       |     7 |     1 |    39 |    39 ||    86
       Lightning rod     |       |       |       |     1 |       ||     1
  Use: Potion            |       |     1 |     7 |     9 |    12 ||    29
       Scroll            |       |       |       |    20 |    17 ||    37
 Stab: Invisible         |       |       |     3 |     7 |       ||    10
       Held in net/web   |       |       |     1 |       |       ||     1
       Paralysed         |       |       |       |       |     2 ||     2
       Fleeing           |       |       |       |       |     1 ||     1
Armor: Scale mail        |    87 |    41 |   158 |       |       ||   286
       Chain mail        |       |       |    74 |     7 |       ||    81
       Plate armour      |       |       |       |   428 |   227 ||   655
Dodge: Dodged            |    85 |    44 |   229 |   326 |   182 ||   866
Block: Buckler           |    47 |    24 |   185 |   277 |   134 ||   667
       Tower shield      |       |       |       |       |    32 ||    32
